Ducks vs Panthers

Created - Wednesday, November 25, 2015 at 03:00

Goals
1 2 3 T
Ducks 2 0 2 4
Panthers 3 0 0 3
Shots
1 2 3 T
Ducks 12 6 10 28
Panthers 14 8 9 31

1st period

1. Panthers , Alexander Semin 4 (Jakob Silfverberg) at 0:46 (SH)
2. Ducks , Jonathan Huberdeau 6 (Marc Staal) at 2:01 (PP)
3. Panthers , Paul Byron 4 (Kevin Hayes) at 5:13
4. Ducks , Henrik Sedin 9 (Tyler Bozak) at 14:18 (SH)
5. Panthers , Alexander Semin 5 (Ryan Johansen, Nino Niederreiter) at 18:31 (PP)

Penalties :
Simon Despres (Fla) for Hooking (Minor) at 0:27, Tyler Bozak (Ana) for Hooking (Minor) at 7:37, Nick Foligno (Ana) for High sticking (Minor) at 12:37, Nick Foligno (Ana) for Roughing (Minor) at 16:56

2nd period

No Goal

Penalties :
Drew Miller (Ana) for Hooking (Minor) at 4:49, Robert Bortuzzo (Fla) for Tripping (Minor) at 10:47, Matthew Carle (Ana) for Tripping (Minor) at 13:48, Matthew Carle (Ana) for Holding (Minor) at 17:37

3rd period

6. Ducks , Tyler Bozak 6 (Marc Staal, Jonathan Huberdeau) at 0:58
7. Ducks , James Wisniewski 1 (Nikita Kucherov) at 2:15 (PP)

Penalties :
Robert Bortuzzo (Fla) for Roughing (Minor) at 1:03, Alex Galchenyuk (Fla) for Slashing (Minor) at 10:15, Matthew Carle (Ana) for Kneeing (Minor) at 15:42

Goalie Stats

Jonathan Bernier (Ana), 28 saves from 31 shots - (0.903), W, 11-4-5, 60:00 minutes
Kevin Poulin (Fla), 24 saves from 28 shots - (0.857), L, 2-15-0, 59:00 minutes

Players Stats for Ducks

Player Name              G  A  P  +/- PIM S  H  SB GA TA FO     MP     PP MP  PK MP  
------------------------------------------------------------------------------------
Antoine Vermette         0  0  0   0  0   1  0  0  0  0  1/10   10:34   0:22   4:37 
Anton Stralman           0  0  0  -1  0   0  0  2  0  0  0/0     7:09   0:19   3:27 
Blake Comeau             0  0  0   0  0   0  0  0  0  0  0/0     6:21   0:00   0:46 
Brad Richardson          0  0  0   0  0   5  0  0  1  0  1/1    11:45   0:00   0:00 
Brett Bellemore          0  0  0   0  0   0  0  0  0  0  0/0     1:04   0:07   0:44 
Drew Miller              0  0  0   0  2   0  2  0  0  0  0/0    11:44   0:00   0:00 
Henrik Sedin             1  0  1   1  0   2  0  0  2  0  10/13  17:18   4:05   3:45 
James Wisniewski         1  0  1   0  0   3  1  2  0  1  0/0    25:12   4:00   9:17 
Jean-Gabriel Pageau      0  0  0   0  0   3  1  0  3  1  5/9    11:45   0:00   0:00 
Johnny Boychuk           0  0  0   0  0   0  2  3  0  1  0/0    29:02   4:28   9:52 
Jonathan Huberdeau       1  1  2  -1  0   3  0  0  4  0  0/0    15:38   2:39   0:00 
Korbinian Holzer         0  0  0   0  0   0  1  0  0  1  0/0    18:31   0:16   0:44 
Marc Staal               0  2  2   1  0   0  2  1  1  0  0/0    22:56   4:18   2:52 
Matthew Carle            0  0  0   0  6   0  0  1  0  2  0/0    17:21   0:00   0:00 
Nick Foligno             0  0  0   0  4   1  2  0  0  0  4/9    22:41   3:43   5:06 
Nikita Kucherov          0  1  1  -1  0   2  0  0  0  0  0/1    15:16   2:39   0:00 
Patrick Kane             0  0  0   0  0   2  1  0  5  1  0/1    22:54   4:05   9:43 
Tyler Bozak              1  1  2   0  2   6  3  1  1  0  9/13   19:09   2:39   2:59 

Players Stats for Panthers

Player Name              G  A  P  +/- PIM S  H  SB GA TA FO     MP     PP MP  PK MP  
------------------------------------------------------------------------------------
Adam Larsson             0  0  0   0  0   3  2  1  0  1  0/0    13:23   0:00   0:00 
Alex Galchenyuk          0  0  0   0  2   0  0  0  0  2  0/2    11:39   0:00   0:00 
Alexander Semin          2  0  2   1  0   6  1  0  1  0  3/7    22:14   6:09   4:02 
Brad Boyes               0  0  0  -1  0   6  0  0  6  0  1/3    18:13   7:19   0:31 
Calle Jarnkrok           0  0  0   0  0   2  0  0  0  0  2/4     5:41   0:00   0:00 
Calvin de Haan           0  0  0   0  0   0  0  0  0  0  0/0     0:00   0:00   0:00 
Carlo Colaiacovo         0  0  0   0  0   0  1  0  0  2  0/0    15:15   0:00   1:18 
Charlie Coyle            0  0  0  -1  0   2  1  1  3  0  10/15  19:21   7:19   1:16 
Jakob Silfverberg        0  1  1   0  0   0  0  1  1  0  3/6    21:31   7:19   4:12 
Kevin Hayes              0  1  1   1  0   2  0  1  1  0  4/7    12:38   0:07   0:00 
Lubomir Visnovsky        0  0  0   2  0   0  1  0  0  0  0/0    18:27   5:02   3:30 
Nino Niederreiter        0  1  1  -1  0   2  3  2  2  0  1/4    19:47   6:09   1:16 
Paul Byron               1  0  1   1  0   1  0  0  0  0  1/2    12:44   0:00   1:23 
Robert Bortuzzo          0  0  0   0  4   2  2  0  0  2  0/0    21:05   8:26   1:56 
Ron Hainsey              0  0  0  -1  0   3  2  3  0  1  0/0    29:44   8:26   4:37 
Ryan Johansen            0  1  1  -1  0   2  1  1  6  1  2/7    22:09   6:02   0:00 
Sean Bergenheim          0  0  0   0  0   0  0  0  1  1  0/0     6:52   0:00   0:48 
Simon Despres            0  0  0  -1  2   0  4  0  0  1  0/0    22:24   5:02   2:07 

3 Stars

1 - Alexander Semin (Fla)
2 - Marc Staal (Ana)
3 - Tyler Bozak (Ana)

Power Play

Ducks - 2 on 4 Attempt(s) - 50.00%
Panthers - 1 on 7 Attempt(s) - 14.29%

Penalty Kill

Ducks - 6 on 7 Attempt(s) - 85.71% - Score 1 goal in Penalty Kill
Panthers - 2 on 4 Attempt(s) - 50.00% - Score 1 goal in Penalty Kill

Team Stat

Ducks - Hits : 15 - Faceoff Wins : 30 - Blocked Shots : 10 - Penalty Minutes : 14
Panthers - Hits : 18 - Faceoff Wins : 27 - Blocked Shots : 10 - Penalty Minutes : 8

Official

Referees : Unknown
Linesman : Unknown

Game Notes

5:47 of 1st period - Ducks goal is going for a video replay. After video review, No Goal. The attacking player has interfered with a goalkeeper in his goal crease.
Anton Stralman is injured at 17:53 of 1st period (Broken Bone (Right Arm))

Finance

Level 1 -- Attendance: 5899 (98.32%) -- Ticket Income $501,415
Level 2 -- Attendance: 4794 (95.88%) -- Ticket Income $239,700
Level 3 -- Attendance: 1927 (96.35%) -- Ticket Income $57,810
Level 4 -- Attendance: 4000 (100.00%) -- Ticket Income $68,000
Luxury Box -- Attendance: 1000 (100.00%) -- Ticket Income $175,000
Game was played at the BankAtlantic Center.
Total Attendance: 17620 (97.89%)
Total Ticket Income: $1,041,925
Other Income: $510,543
Total Income: $1,552,468

Ducks

5 vs 5 Forward 
   Center                   Left Wing                Right Wing               Time % Phy DF OF 
 1 Henrik Sedin             Nick Foligno             Patrick Kane             36     1   2  2  
 2 Tyler Bozak              Jonathan Huberdeau       Nikita Kucherov          30     1   2  2  
 3 Antoine Vermette         Blake Comeau             Nick Foligno             21     1   2  2  
 4 Jean-Gabriel Pageau      Brad Richardson          Drew Miller              13     1   2  2  

5 vs 5 Defense 
   Defense                  Defense                                           Time % Phy DF OF 
 1 Johnny Boychuk           Anton Stralman                                    35     1   2  2  
 2 James Wisniewski         Marc Staal                                        30     1   2  2  
 3 Korbinian Holzer         Matthew Carle                                     22     1   2  2  
 4 Johnny Boychuk           Anton Stralman                                    13     1   2  2  

PowerPlay Forward 
   Center                   Left Wing                Right Wing               Time % Phy DF OF 
 1 Henrik Sedin             Nick Foligno             Patrick Kane             60     1   2  2  
 2 Tyler Bozak              Jonathan Huberdeau       Nikita Kucherov          40     1   2  2  

PowerPlay Defense
   Defense                  Defense                                           Time % Phy DF OF 
 1 Johnny Boychuk           Anton Stralman                                    60     1   2  2  
 2 James Wisniewski         Marc Staal                                        40     1   2  2  

Penalty Kill 4 Players Forward 
   Center                   Wing                     Time % Phy DF OF 
 1 Nick Foligno             Patrick Kane             60     1   2  2  
 2 Henrik Sedin             Tyler Bozak              40     1   2  2  

Penalty Kill 4 Players Defense
   Defense                  Defense                  Time % Phy DF OF 
 1 Johnny Boychuk           Anton Stralman           60     1   2  2  
 2 James Wisniewski         Marc Staal               40     1   2  2  

Penalty Kill - 3 Players Forward 
   Forward                                           Time % Phy DF OF 
 1 Nick Foligno                                      60     1   2  2  
 2 Patrick Kane                                      40     1   2  2  

Penalty Kill - 3 Players Defense
   Defense                  Defense                  Time % Phy DF OF 
 1 Johnny Boychuk           Anton Stralman           60     1   2  2  
 2 James Wisniewski         Marc Staal               40     1   2  2  

4 vs 4 Forward 
   Center                   Wing                     Time % Phy DF OF 
 1 Nick Foligno             Patrick Kane             60     1   2  2  
 2 Henrik Sedin             Tyler Bozak              40     1   2  2  

4 vs 4 Defense
   Defense                  Defense                  Time % Phy DF OF 
 1 Johnny Boychuk           Anton Stralman           60     1   2  2  
 2 James Wisniewski         Marc Staal               40     1   2  2  

Last Minutes Offensive
   Center                   Left Wing                Right Wing               Defense                  Defense                  
   Nick Foligno             Jonathan Huberdeau       Patrick Kane             Johnny Boychuk           Anton Stralman           

Last Minutes Defensive
   Center                   Left Wing                Right Wing               Defense                  Defense                  
   Nick Foligno             Jonathan Huberdeau       Patrick Kane             Johnny Boychuk           Anton Stralman           

Goaltenders
Starting : Jonathan Bernier         
Backup : Jhonas Enroth            

Extra Forwards
Normal : Antoine Vermette, Blake Comeau, Nick Foligno - PP : Antoine Vermette, Blake Comeau - PK : Nick Foligno
Extra Defensemen
Normal : Marc Staal, Johnny Boychuk, James Wisniewski - PP : Marc Staal - PK : Anton Stralman, James Wisniewski
Penalty Shots
Nick Foligno, Patrick Kane, Henrik Sedin, Tyler Bozak, Antoine Vermette

Panthers

5 vs 5 Forward 
   Center                   Left Wing                Right Wing               Time % Phy DF OF 
 1 Ryan Johansen            Alex Galchenyuk          Nino Niederreiter        35     1   2  2  
 2 Charlie Coyle            Jakob Silfverberg        Brad Boyes               30     1   2  2  
 3 Kevin Hayes              Paul Byron               Alexander Semin          22     1   2  2  
 4 Calle Jarnkrok           Sean Bergenheim          Ryan Johansen            13     1   2  2  

5 vs 5 Defense 
   Defense                  Defense                                           Time % Phy DF OF 
 1 Simon Despres            Ron Hainsey                                       35     1   2  2  
 2 Carlo Colaiacovo         Adam Larsson                                      30     1   2  2  
 3 Lubomir Visnovsky        Robert Bortuzzo                                   22     1   2  2  
 4 Simon Despres            Ron Hainsey                                       13     1   2  2  

PowerPlay Forward 
   Center                   Left Wing                Right Wing               Time % Phy DF OF 
 1 Alexander Semin          Ryan Johansen            Nino Niederreiter        60     1   2  2  
 2 Charlie Coyle            Jakob Silfverberg        Brad Boyes               40     1   2  2  

PowerPlay Defense
   Defense                  Defense                                           Time % Phy DF OF 
 1 Robert Bortuzzo          Ron Hainsey                                       60     1   2  2  
 2 Simon Despres            Lubomir Visnovsky                                 40     1   2  2  

Penalty Kill 4 Players Forward 
   Center                   Wing                     Time % Phy DF OF 
 1 Jakob Silfverberg        Alexander Semin          60     1   2  2  
 2 Nino Niederreiter        Charlie Coyle            40     1   2  2  

Penalty Kill 4 Players Defense
   Defense                  Defense                  Time % Phy DF OF 
 1 Lubomir Visnovsky        Ron Hainsey              60     1   2  2  
 2 Simon Despres            Robert Bortuzzo          40     1   2  2  

Penalty Kill - 3 Players Forward 
   Forward                                           Time % Phy DF OF 
 1 Nino Niederreiter                                 60     1   2  2  
 2 Charlie Coyle                                     40     1   2  2  

Penalty Kill - 3 Players Defense
   Defense                  Defense                  Time % Phy DF OF 
 1 Lubomir Visnovsky        Ron Hainsey              60     1   2  2  
 2 Simon Despres            Robert Bortuzzo          40     1   2  2  

4 vs 4 Forward 
   Center                   Wing                     Time % Phy DF OF 
 1 Paul Byron               Jakob Silfverberg        60     1   2  2  
 2 Nino Niederreiter        Charlie Coyle            40     1   2  2  

4 vs 4 Defense
   Defense                  Defense                  Time % Phy DF OF 
 1 Robert Bortuzzo          Ron Hainsey              60     1   2  2  
 2 Simon Despres            Lubomir Visnovsky        40     1   2  2  

Last Minutes Offensive
   Center                   Left Wing                Right Wing               Defense                  Defense                  
   Ryan Johansen            Alex Galchenyuk          Nino Niederreiter        Simon Despres            Ron Hainsey              

Last Minutes Defensive
   Center                   Left Wing                Right Wing               Defense                  Defense                  
   Ryan Johansen            Alex Galchenyuk          Nino Niederreiter        Simon Despres            Ron Hainsey              

Goaltenders
Starting : Kevin Poulin             
Backup : Robin Lehner             

Extra Forwards
Normal : Alexander Semin, Kevin Hayes, Paul Byron - PP : Alexander Semin, Kevin Hayes - PK : Paul Byron
Extra Defensemen
Normal : Lubomir Visnovsky, Robert Bortuzzo, Ron Hainsey - PP : Lubomir Visnovsky - PK : Robert Bortuzzo, Ron Hainsey
Penalty Shots
Kevin Hayes, Paul Byron, Nino Niederreiter, Charlie Coyle, Jakob Silfverberg

% Time on Ice - Ducks

Lines # - Real PCT - Wanted PCT - Time Play
Normal Forward
1 - 21% - 36% - 8:18
2 - 35% - 30% - 13:32
3 - 14% - 21% - 5:24
4 - 30% - 13% - 11:45
Normal Defense
1 - 36% - 35% - 13:56
2 - 20% - 30% - 7:51
3 - 41% - 22% - 16:04
4 - 3% - 13% - 1:08
PP Forward
1 - 61% - 60% - 4:05
2 - 39% - 40% - 2:39
PP Defense
1 - 79% - 60% - 5:20
2 - 21% - 40% - 1:24
PK Forward
1 - 72% - 60% - 9:44
2 - 28% - 40% - 3:45
PK Defense
1 - 79% - 60% - 10:37
2 - 21% - 40% - 2:52
PK3 Forward
1 - 0% - 60%
2 - 0% - 40%
PK3 Defense
1 - 0% - 60%
2 - 0% - 40%
44 Forward
1 - 0% - 60%
2 - 0% - 40%
44 Defense
1 - 0% - 60%
2 - 0% - 40%
Last Minute Offensive  - 0:00
Last Minute Defensive  - 0:48
Total
Forward - 60:00
Defense - 60:00

% Time on Ice - Panthers

Lines # - Real PCT - Wanted PCT - Time Play
Normal Forward
1 - 29% - 35% - 11:05
2 - 28% - 30% - 10:46
3 - 29% - 22% - 11:21
4 - 15% - 13% - 5:41
Normal Defense
1 - 34% - 35% - 13:12
2 - 37% - 30% - 14:20
3 - 23% - 22% - 8:46
4 - 7% - 13% - 2:35
PP Forward
1 - 46% - 60% - 6:10
2 - 54% - 40% - 7:19
PP Defense
1 - 63% - 60% - 8:27
2 - 37% - 40% - 5:02
PK Forward
1 - 81% - 60% - 5:28
2 - 19% - 40% - 1:16
PK Defense
1 - 52% - 60% - 3:30
2 - 48% - 40% - 3:14
PK3 Forward
1 - 0% - 60%
2 - 0% - 40%
PK3 Defense
1 - 0% - 60%
2 - 0% - 40%
44 Forward
1 - 0% - 60%
2 - 0% - 40%
44 Defense
1 - 0% - 60%
2 - 0% - 40%
Last Minute Offensive  - 0:54
Last Minute Defensive  - 0:00
Total
Forward - 60:00
Defense - 60:00

Play by Play

1st period


0:01 of 1st period - Henrik Sedin wins face-off versus Alex Galchenyuk in neutral zone.
0:14 of 1st period - Slapshot by Henrik Sedin.
0:14 of 1st period - Shot Blocked by Nino Niederreiter.
0:27 of 1st period - Minor Penalty to Simon Despres for Hooking.
0:28 of 1st period - Jakob Silfverberg wins face-off versus Tyler Bozak in Panthers zone.
0:46 of 1st period - Slapshot by Alexander Semin.
0:46 of 1st period - Goal by Alexander Semin - Ducks : 0 - Panthers : 1.
0:47 of 1st period - Henrik Sedin wins face-off versus Nino Niederreiter in neutral zone.
0:51 of 1st period - Off-side.
0:52 of 1st period - Henrik Sedin wins face-off versus Nino Niederreiter in neutral zone.
1:05 of 1st period - Wrist shot by Henrik Sedin.
1:05 of 1st period - Stopped by Kevin Poulin without a rebound.
1:06 of 1st period - Henrik Sedin wins face-off versus Nino Niederreiter in Panthers zone.
1:53 of 1st period - Icing by Marc Staal.
1:54 of 1st period - Jakob Silfverberg wins face-off versus Nikita Kucherov in Ducks zone.
2:01 of 1st period - Snap shot by Jonathan Huberdeau.
2:01 of 1st period - Goal by Jonathan Huberdeau - Ducks : 1 - Panthers : 1.
2:02 of 1st period - Tyler Bozak wins face-off versus Kevin Hayes in neutral zone.
2:33 of 1st period - Carlo Colaiacovo is hit by Tyler Bozak and loses puck.
3:10 of 1st period - Snap shot by Brad Boyes.
3:10 of 1st period - Deflect By Jakob Silfverberg.
3:10 of 1st period - Shot Misses the Net.
3:10 of 1st period - Puck is out of play.
3:11 of 1st period - Charlie Coyle wins face-off versus Jean-Gabriel Pageau in Ducks zone.
3:27 of 1st period - Slapshot by James Wisniewski.
3:27 of 1st period - Stopped by Kevin Poulin without a rebound.
3:28 of 1st period - Jean-Gabriel Pageau wins face-off versus Ryan Johansen in Panthers zone.
3:39 of 1st period - Snap shot by Jean-Gabriel Pageau.
3:39 of 1st period - Shot Misses the Net.
3:51 of 1st period - Wrist shot by Nino Niederreiter.
3:51 of 1st period - Stopped by Jonathan Bernier with a rebound.
3:57 of 1st period - Wrist shot by Brad Richardson.
3:57 of 1st period - Shot Misses the Net.
5:11 of 1st period - Slapshot by Kevin Hayes.
5:11 of 1st period - Shot Blocked by Anton Stralman.
5:13 of 1st period - Slapshot by Kevin Hayes.
5:13 of 1st period - Deflect By Paul Byron.
5:13 of 1st period - Goal by Paul Byron - Ducks : 1 - Panthers : 2.
5:14 of 1st period - Tyler Bozak wins face-off versus Paul Byron in neutral zone.
5:45 of 1st period - Snap shot by Nikita Kucherov.
5:45 of 1st period - Shot Misses the Net.
5:47 of 1st period - Slapshot by Tyler Bozak.
5:47 of 1st period - Ducks goal is going for a video replay.
5:47 of 1st period - The goal is refused. The attacking player has interfered with a goalkeeper in his goal crease..
5:48 of 1st period - Calle Jarnkrok wins face-off versus Jean-Gabriel Pageau in Panthers zone.
6:24 of 1st period - Wrist shot by Jean-Gabriel Pageau.
6:24 of 1st period - Shot Misses the Net.
7:37 of 1st period - Minor Penalty to Tyler Bozak for Hooking.
7:38 of 1st period - Nick Foligno wins face-off versus Alexander Semin in Ducks zone.
8:57 of 1st period - Slapshot by James Wisniewski.
8:57 of 1st period - Shot Blocked by Ron Hainsey.
8:59 of 1st period - Slapshot by Antoine Vermette.
8:59 of 1st period - Stopped by Kevin Poulin with a rebound.
9:37 of 1st period - Penalty to Tyler Bozak is over, Tyler Bozak is back on ice.
9:43 of 1st period - Paul Byron is hit by Marc Staal and loses puck.
10:05 of 1st period - Snap shot by Nikita Kucherov.
10:05 of 1st period - Stopped by Kevin Poulin without a rebound.
10:06 of 1st period - Tyler Bozak wins face-off versus Calle Jarnkrok in Panthers zone.
10:23 of 1st period - Snap shot by Ryan Johansen.
10:23 of 1st period - Shot Blocked by Tyler Bozak.
10:25 of 1st period - Snap shot by Calle Jarnkrok.
10:25 of 1st period - Shot Misses the Net.
10:27 of 1st period - Slapshot by Sean Bergenheim.
10:27 of 1st period - Shot Misses the Net.
10:29 of 1st period - Wrist shot by Robert Bortuzzo.
10:29 of 1st period - Shot Blocked by Anton Stralman.
10:31 of 1st period - Slapshot by Calle Jarnkrok.
10:31 of 1st period - Stopped by Jonathan Bernier without a rebound.
10:32 of 1st period - Jean-Gabriel Pageau wins face-off versus Ryan Johansen in Ducks zone.
10:32 of 1st period - Jean-Gabriel Pageau is hit by Nino Niederreiter.
11:27 of 1st period - Kevin Hayes is hit by Marc Staal and loses puck.
12:20 of 1st period - Icing by Korbinian Holzer.
12:21 of 1st period - Calle Jarnkrok wins face-off versus Antoine Vermette in Ducks zone.
12:26 of 1st period - Slapshot by Ryan Johansen.
12:26 of 1st period - Stopped by Jonathan Bernier with a rebound.
12:28 of 1st period - Snap shot by Calle Jarnkrok.
12:28 of 1st period - Stopped by Jonathan Bernier with a rebound.
12:37 of 1st period - Minor Penalty to Nick Foligno for High sticking.
12:38 of 1st period - Charlie Coyle wins face-off versus Antoine Vermette in Ducks zone.
12:51 of 1st period - Wrist shot by Charlie Coyle.
12:51 of 1st period - Shot Misses the Net.
12:53 of 1st period - Slapshot by Robert Bortuzzo.
12:53 of 1st period - Shot Misses the Net.
13:15 of 1st period - Antoine Vermette is hit by Ron Hainsey and loses puck.
14:12 of 1st period - Snap shot by Tyler Bozak.
14:12 of 1st period - Stopped by Kevin Poulin without a rebound.
14:13 of 1st period - Henrik Sedin wins face-off versus Alexander Semin in Panthers zone.
14:18 of 1st period - Slapshot by Henrik Sedin.
14:18 of 1st period - Goal by Henrik Sedin - Ducks : 2 - Panthers : 2.
14:19 of 1st period - Nino Niederreiter wins face-off versus Antoine Vermette in neutral zone.
14:37 of 1st period - Penalty to Nick Foligno is over, Nick Foligno is back on ice.
14:54 of 1st period - Wrist shot by Jonathan Huberdeau.
14:54 of 1st period - Stopped by Kevin Poulin with a rebound.
14:56 of 1st period - Wrist shot by Jonathan Huberdeau.
14:56 of 1st period - Deflect By Tyler Bozak.
14:56 of 1st period - Stopped by Kevin Poulin without a rebound.
14:57 of 1st period - Kevin Hayes wins face-off versus Tyler Bozak in Panthers zone.
14:57 of 1st period - Kevin Hayes is hit by Tyler Bozak.
15:07 of 1st period - Snap shot by Kevin Hayes.
15:07 of 1st period - Stopped by Jonathan Bernier with a rebound.
15:09 of 1st period - Slapshot by Adam Larsson.
15:09 of 1st period - Stopped by Jonathan Bernier with a rebound.
15:51 of 1st period - Wrist shot by Charlie Coyle.
15:51 of 1st period - Stopped by Jonathan Bernier with a rebound.
16:23 of 1st period - Snap shot by Brad Richardson.
16:23 of 1st period - Shot Misses the Net.
16:25 of 1st period - Slapshot by Drew Miller.
16:25 of 1st period - Deflect By Jean-Gabriel Pageau.
16:25 of 1st period - Stopped by Kevin Poulin without a rebound.
16:26 of 1st period - Paul Byron wins face-off versus Henrik Sedin in Panthers zone.
16:26 of 1st period - Paul Byron is hit by Nick Foligno.
16:56 of 1st period - Minor Penalty to Nick Foligno for Roughing.
16:57 of 1st period - Charlie Coyle wins face-off versus Antoine Vermette in Ducks zone.
17:06 of 1st period - Ron Hainsey is hit by Patrick Kane and loses puck.
17:19 of 1st period - Slapshot by Charlie Coyle.
17:19 of 1st period - Stopped by Jonathan Bernier with a rebound.
17:33 of 1st period - Wrist shot by Brad Boyes.
17:33 of 1st period - Stopped by Jonathan Bernier with a rebound.
17:45 of 1st period - Nino Niederreiter is hit by Johnny Boychuk and loses puck.
17:52 of 1st period - Anton Stralman is hit by Nino Niederreiter and loses puck.
17:53 of 1st period - Anton Stralman from Ducks is injured at 17:53 of 1st period (Broken Bone (Right Arm)).
17:54 of 1st period - Alexander Semin wins face-off versus Antoine Vermette in Ducks zone.
18:09 of 1st period - Slapshot by Ryan Johansen.
18:09 of 1st period - Shot Misses the Net.
18:11 of 1st period - Slapshot by Robert Bortuzzo.
18:11 of 1st period - Stopped by Jonathan Bernier without a rebound.
18:12 of 1st period - Alexander Semin wins face-off versus Antoine Vermette in Ducks zone.
18:31 of 1st period - Snap shot by Alexander Semin.
18:31 of 1st period - Goal by Alexander Semin - Ducks : 2 - Panthers : 3.
18:32 of 1st period - Charlie Coyle wins face-off versus Patrick Kane in neutral zone.
19:07 of 1st period - Snap shot by Brad Boyes.
19:07 of 1st period - Shot Blocked by Johnny Boychuk.
19:44 of 1st period - Snap shot by Nino Niederreiter.
19:44 of 1st period - Stopped by Jonathan Bernier without a rebound.
19:45 of 1st period - Tyler Bozak wins face-off versus Kevin Hayes in Ducks zone.
19:45 of 1st period - Tyler Bozak is hit by Alexander Semin.
19:59 of 1st period - Wrist shot by Tyler Bozak.
19:59 of 1st period - Stopped by Kevin Poulin without a rebound.
Goals for this period are 2 for Ducks vs 3 for Panthers.
Shots for this period are 12 for Ducks vs 14 for Panthers.

2nd period


0:01 of 2nd period - Nick Foligno wins face-off versus Alex Galchenyuk in neutral zone.
0:09 of 2nd period - Icing by Ryan Johansen.
0:10 of 2nd period - Henrik Sedin wins face-off versus Ryan Johansen in Panthers zone.
0:58 of 2nd period - Icing by Charlie Coyle.
0:59 of 2nd period - Tyler Bozak wins face-off versus Charlie Coyle in Panthers zone.
1:34 of 2nd period - Wrist shot by Jonathan Huberdeau.
1:34 of 2nd period - Stopped by Kevin Poulin without a rebound.
1:35 of 2nd period - Kevin Hayes wins face-off versus Jean-Gabriel Pageau in Panthers zone.
1:55 of 2nd period - Carlo Colaiacovo is hit by Drew Miller and loses puck.
2:26 of 2nd period - Wrist shot by Blake Comeau.
2:26 of 2nd period - Shot Blocked by Nino Niederreiter.
2:53 of 2nd period - Snap shot by Ryan Johansen.
2:53 of 2nd period - Shot Misses the Net.
3:59 of 2nd period - Snap shot by Nikita Kucherov.
3:59 of 2nd period - Stopped by Kevin Poulin without a rebound.
4:00 of 2nd period - Jean-Gabriel Pageau wins face-off versus Kevin Hayes in Panthers zone.
4:29 of 2nd period - Wrist shot by Jean-Gabriel Pageau.
4:29 of 2nd period - Stopped by Kevin Poulin with a rebound.
4:48 of 2nd period - Brad Richardson is hit by Ryan Johansen.
4:49 of 2nd period - Minor Penalty to Drew Miller for Hooking.
4:50 of 2nd period - Charlie Coyle wins face-off versus Nick Foligno in Ducks zone.
5:28 of 2nd period - Robert Bortuzzo is hit by Tyler Bozak and loses puck.
6:31 of 2nd period - Snap shot by Alexander Semin.
6:31 of 2nd period - Shot Blocked by James Wisniewski.
6:33 of 2nd period - Wrist shot by Ron Hainsey.
6:33 of 2nd period - Stopped by Jonathan Bernier without a rebound.
6:34 of 2nd period - Alexander Semin wins face-off versus Nick Foligno in Ducks zone.
6:48 of 2nd period - Icing by Ron Hainsey.
6:49 of 2nd period - Penalty to Drew Miller is over, Drew Miller is back on ice.
6:49 of 2nd period - Jean-Gabriel Pageau wins face-off versus Alexander Semin in Panthers zone.
6:56 of 2nd period - Snap shot by Brad Richardson.
6:56 of 2nd period - Stopped by Kevin Poulin with a rebound.
7:21 of 2nd period - Jean-Gabriel Pageau is hit by Robert Bortuzzo and loses puck.
7:50 of 2nd period - Backhand shot by Kevin Hayes.
7:50 of 2nd period - Stopped by Jonathan Bernier with a rebound.
8:32 of 2nd period - Slapshot by Antoine Vermette.
8:32 of 2nd period - Shot Hit the Post.
8:34 of 2nd period - Wrist shot by Nick Foligno.
8:34 of 2nd period - Stopped by Kevin Poulin with a rebound.
9:02 of 2nd period - Patrick Kane is hit by Simon Despres and loses puck.
9:07 of 2nd period - Wrist shot by Brad Boyes.
9:07 of 2nd period - Shot Misses the Net.
9:09 of 2nd period - Snap shot by Ron Hainsey.
9:09 of 2nd period - Stopped by Jonathan Bernier with a rebound.
9:11 of 2nd period - Slapshot by Ron Hainsey.
9:11 of 2nd period - Stopped by Jonathan Bernier with a rebound.
9:38 of 2nd period - Drew Miller is hit by Simon Despres and loses puck.
10:07 of 2nd period - Lubomir Visnovsky is hit by Korbinian Holzer.
10:47 of 2nd period - Minor Penalty to Robert Bortuzzo for Tripping.
10:48 of 2nd period - Jakob Silfverberg wins face-off versus Henrik Sedin in Panthers zone.
11:45 of 2nd period - James Wisniewski is hit by Lubomir Visnovsky and loses puck.
11:52 of 2nd period - Snap shot by Alexander Semin.
11:52 of 2nd period - Stopped by Jonathan Bernier with a rebound.
11:54 of 2nd period - Slapshot by Brad Boyes.
11:54 of 2nd period - Stopped by Jonathan Bernier without a rebound.
11:55 of 2nd period - Tyler Bozak wins face-off versus Brad Boyes in Ducks zone.
12:27 of 2nd period - Simon Despres is hit by James Wisniewski and loses puck.
12:47 of 2nd period - Penalty to Robert Bortuzzo is over, Robert Bortuzzo is back on ice.
12:58 of 2nd period - Tyler Bozak is hit by Robert Bortuzzo and loses puck.
13:18 of 2nd period - Korbinian Holzer is hit by Simon Despres and loses puck.
13:48 of 2nd period - Minor Penalty to Matthew Carle for Tripping.
13:49 of 2nd period - Nick Foligno wins face-off versus Alexander Semin in Ducks zone.
15:09 of 2nd period - Off-side.
15:10 of 2nd period - Antoine Vermette wins face-off versus Charlie Coyle in neutral zone.
15:43 of 2nd period - Snap shot by Patrick Kane.
15:43 of 2nd period - Shot Blocked by Ryan Johansen.
15:45 of 2nd period - Wrist shot by Patrick Kane.
15:45 of 2nd period - Stopped by Kevin Poulin without a rebound.
15:46 of 2nd period - Charlie Coyle wins face-off versus Antoine Vermette in Panthers zone.
15:48 of 2nd period - Penalty to Matthew Carle is over, Matthew Carle is back on ice.
15:57 of 2nd period - Snap shot by Brad Boyes.
15:57 of 2nd period - Stopped by Jonathan Bernier without a rebound.
15:58 of 2nd period - Charlie Coyle wins face-off versus Tyler Bozak in Ducks zone.
16:15 of 2nd period - Snap shot by Tyler Bozak.
16:15 of 2nd period - Shot Blocked by Jakob Silfverberg.
16:27 of 2nd period - Wrist shot by Tyler Bozak.
16:27 of 2nd period - Shot Blocked by Adam Larsson.
17:03 of 2nd period - Jean-Gabriel Pageau is hit by Adam Larsson and loses puck.
17:37 of 2nd period - Minor Penalty to Matthew Carle for Holding.
17:38 of 2nd period - Brad Boyes wins face-off versus Nick Foligno in Ducks zone.
18:42 of 2nd period - Wrist shot by Brad Boyes.
18:42 of 2nd period - Deflect By Charlie Coyle.
18:42 of 2nd period - Shot Blocked by Johnny Boychuk.
18:42 of 2nd period - Puck is out of play.
18:43 of 2nd period - Henrik Sedin wins face-off versus Charlie Coyle in Ducks zone.
19:37 of 2nd period - Penalty to Matthew Carle is over, Matthew Carle is back on ice.
19:45 of 2nd period - Snap shot by Alexander Semin.
19:45 of 2nd period - Stopped by Jonathan Bernier with a rebound.
19:47 of 2nd period - Slapshot by Simon Despres.
19:47 of 2nd period - Shot Hit the Post.
Goals for this period are 0 for Ducks vs 0 for Panthers.
Shots for this period are 6 for Ducks vs 8 for Panthers.

3rd period


0:01 of 3rd period - Ryan Johansen wins face-off versus Henrik Sedin in neutral zone.
0:04 of 3rd period - Snap shot by Nino Niederreiter.
0:04 of 3rd period - Shot Hit the Post.
0:34 of 3rd period - Snap shot by Ryan Johansen.
0:34 of 3rd period - Shot Misses the Net.
0:52 of 3rd period - Wrist shot by Jonathan Huberdeau.
0:52 of 3rd period - Shot Misses the Net.
0:54 of 3rd period - Slapshot by Marc Staal.
0:54 of 3rd period - Shot Blocked by Ron Hainsey.
0:56 of 3rd period - Slapshot by Marc Staal.
0:56 of 3rd period - Shot Blocked by Ron Hainsey.
0:58 of 3rd period - Slapshot by Tyler Bozak.
0:58 of 3rd period - Goal by Tyler Bozak - Ducks : 3 - Panthers : 3.
0:59 of 3rd period - Tyler Bozak wins face-off versus Charlie Coyle in neutral zone.
1:03 of 3rd period - Minor Penalty to Robert Bortuzzo for Roughing.
1:04 of 3rd period - Henrik Sedin wins face-off versus Jakob Silfverberg in Panthers zone.
1:26 of 3rd period - Marc Staal is hit by Ron Hainsey and loses puck.
2:06 of 3rd period - Nikita Kucherov is hit by Carlo Colaiacovo and loses puck.
2:15 of 3rd period - Backhand shot by James Wisniewski.
2:15 of 3rd period - Goal by James Wisniewski - Ducks : 4 - Panthers : 3.
2:16 of 3rd period - Ryan Johansen wins face-off versus Antoine Vermette in neutral zone.
2:35 of 3rd period - Snap shot by Nino Niederreiter.
2:35 of 3rd period - Deflect By Ryan Johansen.
2:35 of 3rd period - Stopped by Jonathan Bernier with a rebound.
2:37 of 3rd period - Snap shot by Ryan Johansen.
2:37 of 3rd period - Shot Blocked by Marc Staal.
2:39 of 3rd period - Slapshot by Adam Larsson.
2:39 of 3rd period - Stopped by Jonathan Bernier with a rebound.
2:41 of 3rd period - Slapshot by Adam Larsson.
2:41 of 3rd period - Stopped by Jonathan Bernier with a rebound.
2:43 of 3rd period - Slapshot by Adam Larsson.
2:43 of 3rd period - Shot Misses the Net.
3:13 of 3rd period - Johnny Boychuk is hit by Charlie Coyle and loses puck.
3:28 of 3rd period - Jakob Silfverberg is hit by Johnny Boychuk and loses puck.
4:03 of 3rd period - Slapshot by Jean-Gabriel Pageau.
4:03 of 3rd period - Shot Misses the Net.
4:33 of 3rd period - Henrik Sedin is hit by Simon Despres.
4:49 of 3rd period - Wrist shot by Sean Bergenheim.
4:49 of 3rd period - Shot Misses the Net.
4:51 of 3rd period - Slapshot by Calle Jarnkrok.
4:51 of 3rd period - Shot Misses the Net.
4:53 of 3rd period - Slapshot by Robert Bortuzzo.
4:53 of 3rd period - Stopped by Jonathan Bernier without a rebound.
4:54 of 3rd period - Tyler Bozak wins face-off versus Ryan Johansen in Ducks zone.
5:19 of 3rd period - Wrist shot by Nino Niederreiter.
5:19 of 3rd period - Shot Misses the Net.
5:21 of 3rd period - Slapshot by Lubomir Visnovsky.
5:21 of 3rd period - Deflect By Ryan Johansen.
5:21 of 3rd period - Shot Misses the Net.
5:21 of 3rd period - Puck is out of play.
5:22 of 3rd period - Charlie Coyle wins face-off versus Nick Foligno in Ducks zone.
5:23 of 3rd period - Wrist shot by Brad Boyes.
5:23 of 3rd period - Stopped by Jonathan Bernier with a rebound.
6:13 of 3rd period - Matthew Carle is hit by Adam Larsson.
6:32 of 3rd period - Wrist shot by Kevin Hayes.
6:32 of 3rd period - Shot Misses the Net.
6:34 of 3rd period - Snap shot by Alexander Semin.
6:34 of 3rd period - Stopped by Jonathan Bernier without a rebound.
6:35 of 3rd period - Kevin Hayes wins face-off versus Tyler Bozak in Ducks zone.
6:44 of 3rd period - Wrist shot by Paul Byron.
6:44 of 3rd period - Shot Misses the Net.
6:58 of 3rd period - Slapshot by Alexander Semin.
6:58 of 3rd period - Stopped by Jonathan Bernier without a rebound.
6:59 of 3rd period - Jean-Gabriel Pageau wins face-off versus Brad Boyes in Ducks zone.
7:06 of 3rd period - Wrist shot by Jean-Gabriel Pageau.
7:06 of 3rd period - Stopped by Kevin Poulin with a rebound.
7:22 of 3rd period - Wrist shot by Brad Boyes.
7:22 of 3rd period - Stopped by Jonathan Bernier without a rebound.
7:23 of 3rd period - Tyler Bozak wins face-off versus Ryan Johansen in Ducks zone.
8:36 of 3rd period - Wrist shot by Henrik Sedin.
8:36 of 3rd period - Shot Misses the Net.
8:54 of 3rd period - Snap shot by Brad Richardson.
8:54 of 3rd period - Stopped by Kevin Poulin with a rebound.
8:56 of 3rd period - Slapshot by Brad Richardson.
8:56 of 3rd period - Shot Blocked by Kevin Hayes.
8:58 of 3rd period - Slapshot by Marc Staal.
8:58 of 3rd period - Deflect By Brad Richardson.
8:58 of 3rd period - Stopped by Kevin Poulin without a rebound.
8:59 of 3rd period - Charlie Coyle wins face-off versus Jean-Gabriel Pageau in Panthers zone.
8:59 of 3rd period - Charlie Coyle is hit by Jean-Gabriel Pageau.
9:17 of 3rd period - Jakob Silfverberg is hit by Drew Miller and loses puck.
9:24 of 3rd period - Snap shot by Brad Richardson.
9:24 of 3rd period - Shot Misses the Net.
9:26 of 3rd period - Snap shot by Brad Richardson.
9:26 of 3rd period - Stopped by Kevin Poulin with a rebound.
9:42 of 3rd period - Wrist shot by Tyler Bozak.
9:42 of 3rd period - Shot Blocked by Charlie Coyle.
10:15 of 3rd period - Minor Penalty to Alex Galchenyuk for Slashing.
10:16 of 3rd period - Henrik Sedin wins face-off versus Jakob Silfverberg in Panthers zone.
10:43 of 3rd period - Off-side.
10:44 of 3rd period - Henrik Sedin wins face-off versus Jakob Silfverberg in neutral zone.
12:02 of 3rd period - Paul Byron is hit by Nick Foligno.
12:15 of 3rd period - Penalty to Alex Galchenyuk is over, Alex Galchenyuk is back on ice.
12:22 of 3rd period - Snap shot by Tyler Bozak.
12:22 of 3rd period - Stopped by Kevin Poulin with a rebound.
13:00 of 3rd period - Wrist shot by Brad Richardson.
13:00 of 3rd period - Stopped by Kevin Poulin without a rebound.
13:01 of 3rd period - Brad Richardson wins face-off versus Calle Jarnkrok in Panthers zone.
13:24 of 3rd period - Snap shot by Ryan Johansen.
13:24 of 3rd period - Shot Hit the Post.
13:46 of 3rd period - Wrist shot by Kevin Hayes.
13:46 of 3rd period - Shot Misses the Net.
13:49 of 3rd period - Icing by Matthew Carle.
13:50 of 3rd period - Kevin Hayes wins face-off versus Antoine Vermette in Ducks zone.
15:42 of 3rd period - Minor Penalty to Matthew Carle for Kneeing.
15:43 of 3rd period - Charlie Coyle wins face-off versus Nick Foligno in Ducks zone.
15:53 of 3rd period - Wrist shot by Brad Boyes.
15:53 of 3rd period - Shot Misses the Net.
16:33 of 3rd period - Henrik Sedin is hit by Nino Niederreiter and loses puck.
16:52 of 3rd period - Snap shot by Brad Boyes.
16:52 of 3rd period - Shot Misses the Net.
16:54 of 3rd period - Snap shot by Brad Boyes.
16:54 of 3rd period - Stopped by Jonathan Bernier without a rebound.
16:55 of 3rd period - Nick Foligno wins face-off versus Charlie Coyle in Ducks zone.
17:17 of 3rd period - Backhand shot by James Wisniewski.
17:17 of 3rd period - Stopped by Kevin Poulin with a rebound.
17:19 of 3rd period - Slapshot by Patrick Kane.
17:19 of 3rd period - Stopped by Kevin Poulin with a rebound.
17:42 of 3rd period - Penalty to Matthew Carle is over, Matthew Carle is back on ice.
17:47 of 3rd period - Slapshot by Charlie Coyle.
17:47 of 3rd period - Shot Blocked by James Wisniewski.
18:06 of 3rd period - Snap shot by Ryan Johansen.
18:06 of 3rd period - Shot Misses the Net.
18:08 of 3rd period - Snap shot by Calle Jarnkrok.
18:08 of 3rd period - Shot Blocked by Matthew Carle.
18:18 of 3rd period - Wrist shot by Ryan Johansen.
18:18 of 3rd period - Shot Blocked by Johnny Boychuk.
18:40 of 3rd period - Snap shot by Nino Niederreiter.
18:40 of 3rd period - Shot Misses the Net.
19:00 of 3rd period - Panthers, Kevin Poulin is pulled from the net.
Goals for this period are 2 for Ducks vs 0 for Panthers.
Shots for this period are 10 for Ducks vs 9 for Panthers.